AoeStats
← < blank >

Nomad

508621680Analyzed
2v2 RM · 9d ago on Sep 23, 2026· 32m 36s· 4 players
Game mode
Random Map
Map size
176×176
Population
200
Speed
Normal
Resources
Standard
Victory
Conquest
Starting age
Dark Age
Ending age
Imperial Age
RankedLock teamsTeams togetherTeam positionsShared explorationLock speedFull tech treeHidden civsTurbo modeCheats
Victory
Defeat
🇦🇺 Italians · Australia
1141
+18
🇦🇺 Vikings · Australia
1124
+19
🇳🇿 Mongols · New Zealand
1208
-19
🇵🇱 Huns · Poland
1180
-18
Bodziu
3:37 Loom
16:03 Feudal Age
22:14 Castle Age
20:26 Gold Mining
20:18 Horse Collar
21:02 Scale Barding Armor
21:08 Forging
21:33 Bloodlines
21:19 Double-Bit Axe
23:45 Chain Barding Armor
24:48 Husbandry
29:18 Iron Casting
31:21 Heavy Plow
FinchyNZ
5:03 Loom
13:51 Feudal Age
17:27 Castle Age
16:06 Gold Mining
16:10 Double-Bit Axe
18:21 Medium Warships
18:40 Bow Saw
19:53 Fletching
20:13 Town Watch
20:56 Bodkin Arrow
23:33 Padded Archer Armor
25:16 Bloodlines
25:06 Husbandry
28:08 Ballistics
28:19 Horse Collar
31:56 Wheelbarrow
Fred1001
13:27 Feudal Age
12:43 Loom
17:25 Castle Age
16:36 Forging
16:33 Scale Barding Armor
17:22 Double-Bit Axe
18:57 Iron Casting
19:14 Chain Barding Armor
19:16 Husbandry
20:31 Bloodlines
20:19 Horse Collar
21:08 Loom
27:26 Wheelbarrow
27:12 Fletching
27:23 Padded Archer Armor
30:16 Imperial Age
27:43 Elite Skirmisher
< blank >
5:11 Loom
15:08 Feudal Age
20:08 Castle Age
18:07 Gold Mining
18:04 Double-Bit Axe
19:06 Forging
18:43 Fishing Lines
21:06 Medium Warships
21:35 Iron Casting
21:32 Fletching
22:03 Crossbowman
22:51 Gillnets
22:56 Town Watch
23:59 Gold Shaft Mining
24:49 Elite Skirmisher
26:17 Bodkin Arrow
32:05 Ballistics
32:13 Padded Archer Armor
Connection lost

Rejoining the realm…

Still unreachable

The connection could not be restored.

Session expired

The server has moved on; the page needs a fresh start.